 Dungeon Crawl Stone Soup version 0.19.4-9-g45fd643 (webtiles) character file.

368 Rrauwl the Cleaver (level 6, -2/52 HPs)
             Began as a Minotaur Berserker on Feb 18, 2017.
             Was a Believer of Trog.
             Slain by an orc wizard
             ... wielding a +0 dagger
              (4 damage)
             ... on level 3 of the Dungeon.
             The game lasted 00:08:10 (2360 turns).

Rrauwl the Cleaver (Minotaur Berserker)             Turns: 2360, Time: 00:08:10

Health: -2/52      AC:  2    Str: 23    XL:     6   Next: 41%
Magic:  5/5        EV: 12    Int:  4    God:    Trog [**....]
Gold:   131        SH:  0    Dex: 10    Spells: 0 memorised, 5 levels left

rFire  . . .     SeeInvis .     a - +0 hand axe
rCold  . . .     Gourm    .     b - +0 animal skin
rNeg   . . .     Faith    .     (no shield)
rPois  .         Spirit   .     (helmet restricted)
rElec  .         Reflect  .     (no cloak)
rCorr  .         Harm     .     (no gloves)
MR     ++...                    (no boots)
Stlth  +.........               (no amulet)
                                (no ring)
                                (no ring)

@: regenerating
A: retaliatory headbutt, horns 2
a: Berserk, Trog's Hand, Burn Spellbooks, Renounce Religion


You were on level 3 of the Dungeon.
You worshipped Trog.
Trog was pleased with you.
You were hungry.

You visited 1 branch of the dungeon, and saw 3 of its levels.

You collected 131 gold pieces.

Inventory:

Hand Weapons
 a - a +0 hand axe (weapon)
Armour
 b - a +0 animal skin (worn)
Scrolls
 f - a scroll of blinking {unknown}
 i - 2 scrolls of enchant weapon {unknown}
 k - a scroll of magic mapping {unknown}
 l - 2 scrolls of remove curse
 p - a scroll of fog {unknown}
 q - a scroll of teleportation {unknown}
 r - a scroll of enchant armour {unknown}
Potions
 e - a potion of ambrosia {unknown}
 g - a potion of haste {unknown}
 j - 3 potions of curing {unknown}
 n - a potion of cure mutation {unknown}
 o - a potion of flight {unknown}
 s - a potion of cancellation {unknown}
Comestibles
 c - 2 bread rations
 d - 7 chunks of flesh
 h - a meat ration
 m - a beef jerky


   Skills:
 - Level 3.7 Fighting
 + Level 8.7 Axes
 - Level 2.4 Armour
 - Level 2.1 Dodging


You had 5 spell levels left.
You didn't know any spells.

Dungeon Overview and Level Annotations

Branches:
Dungeon (3/15)

Altars:
Gozag


Innate Abilities, Weirdness & Mutations

You reflexively headbutt those who attack you in melee.
You have a pair of horns on your head.


Message History

You feel resistant to hostile enchantments.
You are feeling hungry.
The orc hits you from afar with a trident!
* * * LOW HITPOINT WARNING * * *
Something hits you.
* * * LOW HITPOINT WARNING * * *
You hit something but do no damage. The orc closely misses you.
Something hits you.
* * * LOW HITPOINT WARNING * * *
Unknown command.
Something hits you.
* * * LOW HITPOINT WARNING * * *
You hear some strange, mumbled words.
A puff of flame appears from out of thin air!
The puff of flame misses you.
You feel the effects of Trog's Hand fading.
Something hits you.
* * * LOW HITPOINT WARNING * * *
Something hits you.
You die...

#o# #+# #.. #.#
#.. # ### #.# #..
.# ...##.##
#..###.# #.#...##
#...o..#
#......######.###
# #........##o#
..##.##.###...@.o#
#...........#.####
####.##.#####.# ..
#.# #.# #####
#.#####.#
..#######.......#
#.........#######
#.######..#
#.#...##..#### #


You could see 2 orcs.

Vanquished Creatures
  The ghost of failure1 the Skirmisher, an amateur DrMo (D:3)
  Jessica (D:3)
  6 adders
  A worm (D:2)
  A dart slug (D:2)
  An orc (D:3)
  A giant cockroach (D:1)
  9 goblins
  7 hobgoblins
  3 jackals (D:2)
  9 kobolds
  2 quokkas
  A ball python (D:2)
  12 bats
  5 frilled lizards
  7 rats
67 creatures vanquished.

Notes
Turn   | Place    | Note
-------+----------+-------------------------------------------
     0 | D:1      | Rrauwl the Minotaur Berserker began the quest for the Orb.
     0 | D:1      | Reached XP level 1. HP: 19/19 MP: 0/0
    82 | D:1      | Reached skill level 4 in Axes
   136 | D:1      | Reached XP level 2. HP: 24/27 MP: 1/1
   811 | D:2      | Reached skill level 5 in Axes
   811 | D:2      | Reached XP level 3. HP: 29/33 MP: 2/2
   842 | D:2      | Reached ** piety under Trog
  1289 | D:2      | Reached XP level 4. HP: 21/40 MP: 3/3
  1544 | D:2      | Reached skill level 6 in Axes
  1681 | D:2      | Found an opulent altar of Gozag.
  2158 | D:3      | Noticed Jessica
  2169 | D:3      | Killed Jessica
  2169 | D:3      | Reached XP level 5. HP: 43/46 MP: 4/4
  2193 | D:3      | Reached skill level 7 in Axes
  2208 | D:3      | Noticed failure1's ghost (amateur DrMo)
  2218 | D:3      | Killed failure1's ghost
  2218 | D:3      | Reached skill level 8 in Axes
  2218 | D:3      | Reached XP level 6. HP: 39/52 MP: 5/5
  2358 | D:3      | HP: 2/52 [something (3)]
  2360 | D:3      | Slain by an orc wizard

Skill      XL: |  1  2  3  4  5 |
---------------+----------------+-----
Axes           | 4 5 6 8 |  8.7
Fighting       | |  3.7
Armour         | |  2.4
Dodging        | |  2.1

Action                   |  1- 3 |  4- 6 || total
-------------------------+-------+-------++-------
Melee: Hand axe          |    67 |    72 ||   139
       Headbutt          |    10 |     9 ||    19
Invok: Berserk           |       |     1 ||     1
       Trog's Hand       |       |     1 ||     1
  Use: Scroll            |       |     1 ||     1
 Stab: Sleeping          |     1 |       ||     1
  Eat: Chunk             |     1 |     4 ||     5
Armor: Animal skin       |    16 |    19 ||    35
Dodge: Dodged            |    45 |    38 ||    83
